 Dungeon Crawl Stone Soup version 0.19.1-1-g22dce08 (webtiles) character file.

417 Joat the Skirmisher (level 6, 0/52 HPs)
             Began as a Demonspawn Monk on Jan 2, 2017.
             Slain by Crazy Yiuf
             ... wielding a +4 quarterstaff of chaos
              (9 damage)
             ... on level 3 of the Dungeon.
             The game lasted 00:14:12 (3858 turns).

Joat the Skirmisher (Demonspawn Monk)               Turns: 3858, Time: 00:14:13

Health: 0/52       AC:  3    Str: 12    XL:     6   Next: 61%
Magic:  6/6        EV: 13    Int: 11    God:
Gold:   171        SH:  0    Dex: 17    Spells: 0 memorised, 5 levels left

rFire  . . .     SeeInvis .     a - +0 hand axe
rCold  . . .     Gourm    .     i - +0 leather armour (curse)
rNeg   . . .     Faith    .     (no shield)
rPois  .         Spirit   .     (helmet restricted)
rElec  .         Reflect  .     (no cloak)
rCorr  +         Harm     .     (no gloves)
MR     +....                    (no boots)
Stlth  ++........               (no amulet)
                                o - ring of protection from magic
                                e - ring of resist corrosion

@: lethally poisoned (0 -> -9)
A: antennae 1, claws 1, spiny 1
a: no special abilities


You were on level 3 of the Dungeon.
You were not hungry.

You visited 1 branch of the dungeon, and saw 4 of its levels.
You also visited: Sewer.

You collected 171 gold pieces.

Inventory:

Hand Weapons
 a - a +0 hand axe (weapon)
Armour
 f - a +0 leather armour
 i - a cursed +0 leather armour (worn)
 r - a cursed +0 large shield
Jewellery
 e - a ring of resist corrosion (left claw)
 o - a ring of protection from magic (right claw)
Scrolls
 b - a scroll of recharging {unknown}
 d - 3 scrolls of blinking {unknown}
 g - 2 scrolls of random uselessness {unknown}
 h - 2 scrolls of amnesia {unknown}
 k - a scroll of fear {unknown}
 l - a scroll of enchant armour {unknown}
 p - a scroll of enchant weapon {unknown}
 q - a scroll of noise {unknown}
 s - 2 scrolls of magic mapping {unknown}
 t - 6 scrolls of fog {unknown}
 u - 3 scrolls of teleportation {unknown}
 v - 2 scrolls of identify {unknown}
 A - a scroll of immolation {unknown}
Potions
 j - 6 potions of haste {unknown}
 m - 2 potions of might {unknown}
 n - 2 potions of heal wounds {unknown}
 w - a potion of curing {unknown}
 x - 2 potions of brilliance {unknown}
Books
 y - a book of Misfortune

   Spells                             Type                      Level
   a - Confusing Touch                Hexes                        1
   b - Confuse                        Hexes                        3
   c - Gell's Gravitas                Hexes/Translocation          3
   d - Petrify                        Transmutation/Earth          4
   e - Metabolic Englaciation         Hexes/Ice                    5
   f - Yara's Violent Unravelling     Hexes/Transmutation          5
Comestibles
 c - 2 bread rations
 z - 2 fruits
 B - 3 chunks of flesh


   Skills:
 + Level 5.6 Fighting
 + Level 5.2 Axes
 - Level 2.6 Dodging
 - Level 1.7 Stealth


You had 5 spell levels left.
You didn't know any spells.

Dungeon Overview and Level Annotations

Branches:
Dungeon (4/15)
 Temple: D:4-7

Altars:

Annotations:
D:3 Crazy Yiuf


Innate Abilities, Weirdness & Mutations

You have a pair of small antennae on your head.
You have sharp fingernails.
You are partially covered in sharp spines.


Message History

Crazy Yiuf shouts!
You barely miss Crazy Yiuf.
Crazy Yiuf hits you with a quarterstaff of chaos!
You are electrocuted!
You closely miss Crazy Yiuf.
Crazy Yiuf says, "Goldfish!"
Crazy Yiuf hits you with a quarterstaff of chaos!
* * * LOW HITPOINT WARNING * * *
You are lethally poisoned!
You hit Crazy Yiuf.
Crazy Yiuf is moderately wounded.
* * * LOW HITPOINT WARNING * * *
You feel sick. Crazy Yiuf is struck by your spines.
Crazy Yiuf barely misses you.
You barely miss Crazy Yiuf.
Crazy Yiuf is heavily wounded.
* * * LOW HITPOINT WARNING * * *
You feel sick.
Crazy Yiuf hits you with a quarterstaff of chaos!
You die...

...........#
...........#
...........#
......###### ......#
......# ......####
##### .........##
###..)#
..........####.'@g.#
...........#..##...#
..........#.########
......#######
......# ###
......###########
#.#
........<.......#
#.#
......(.........#
#.#
...<.......#....#
##.#


You could see Crazy Yiuf.

Vanquished Creatures
  2 bullfrogs (Sewer)
  Robin (D:3)
  12 adders
  3 gnolls
  2 river rats (Sewer)
  An ooze (Sewer)
  A worm (D:3)
  3 dart slugs
  4 leopard geckos
  An orc (D:3)
  17 ball pythons
  4 giant cockroaches
  17 goblins
  10 hobgoblins
  A quokka (D:2)
  5 bats
  2 frilled lizards
  7 kobolds
  29 rats
122 creatures vanquished.

Notes
Turn   | Place    | Note
-------+----------+-------------------------------------------
     0 | D:1      | Joat the Demonspawn Monk began the quest for the Orb.
     0 | D:1      | Reached XP level 1. HP: 18/18 MP: 1/1
   227 | D:1      | Gained mutation: You have a pair of small antennae on your head. [demonic ancestry]
   227 | D:1      | Reached XP level 2. HP: 19/24 MP: 2/2
  1039 | D:2      | Gained mutation: You are partially covered in sharp spines. [demonic ancestry]
  1039 | D:2      | Reached XP level 3. HP: 9/29 MP: 3/3
  1826 | D:3      | Reached XP level 4. HP: 26/37 MP: 4/4
  1860 | D:3      | Noticed Robin
  2196 | D:3      | Killed Robin
  2229 | D:3      | Found a glowing drain.
  2253 | D:3      | Gained mutation: You have sharp fingernails. [demonic ancestry]
  2253 | D:3      | Reached XP level 5. HP: 27/43 MP: 5/5
  2260 | Sewer    | Entered a sewer
  2866 | Sewer    | Reached skill level 5 in Fighting
  3217 | Sewer    | Reached XP level 6. HP: 16/51 MP: 6/6
  3220 | Sewer    | Reached skill level 5 in Axes
  3848 | D:3      | Found a runed door.
  3852 | D:3      | Noticed Crazy Yiuf
  3858 | D:3      | Slain by Crazy Yiuf

Skill      XL: |  1  2  3  4  5  6 |
---------------+-------------------+-----
Axes           | 3 4 5 |  5.2
Fighting       | 4 5 |  5.6
Dodging        | |  2.6
Stealth        | |  1.7

Action                   |  1- 3 |  4- 6 || total
-------------------------+-------+-------++-------
Melee: Hand axe          |   116 |   142 ||   258
 Stab: Sleeping          |     5 |       ||     5
  Eat: Chunk             |     3 |     7 ||    10
Armor: Robe              |     8 |       ||     8
       Leather armour    |    15 |    28 ||    43
Dodge: Dodged            |    78 |   103 ||   181
